 Dungeon Crawl Stone Soup version 0.21-a0-142-gdd972a7 (webtiles) character file.

2159 tehllama the Digger (level 9, 0/50 HPs)
             Began as a Gargoyle Earth Elementalist on July 21, 2017.
             Slain by a two-headed ogre
             ... wielding a +0 giant club
              (17 damage)
             ... on level 8 of the Dungeon.
             The game lasted 00:15:00 (5283 turns).

tehllama the Digger (Gargoyle Earth Elementalist)   Turns: 5283, Time: 00:15:01

Health: 0/50       AC: 10    Str: 12    XL:     9   Next: 31%
Magic:  12/17      EV: 12    Int: 19    God:
Gold:   265        SH:  0    Dex: 10    Spells: 9/18 levels left

rFire    . . .     SeeInvis .   z - +0 dire flail
rCold    . . .     Gourm    .   (shield currently unavailable)
rNeg     + . .     Faith    .   c - +0 robe
rPois    ∞         Spirit   .   (no helmet)
rElec    +         Reflect  .   q - +1 cloak
rCorr    .         Harm     .   (no gloves)
MR       +....                  (no boots)
Stlth    ++........             (no amulet)
HPRegen  0.16/turn              v - ring of protection from magic
MPRegen  0.15/turn              k - +3 ring of slaying

@: no status effects
A: negative energy resistance 1, electricity resistance, unbreathing,
petrification resistance, rot immunity, AC +5
a: no special abilities


You were on level 8 of the Dungeon.
You were not hungry.

You visited 1 branch of the dungeon, and saw 6 of its levels.

You collected 265 gold pieces.

Inventory:

Hand Weapons
 r - a +0 mace of draining
 z - a +0 dire flail (weapon)
Missiles
 b - 79 stones (quivered)
Armour
 c - a +0 robe (worn)
 q - a +1 cloak (worn)
 F - the +1 leather armour of Rilir {+Fly rF- MP+9 SInv}
   (You took it off an orc on level 7 of the Dungeon)

   It makes you vulnerable to fire.
   It affects your magic capacity (+9).
   It lets you see invisible.
   It lets you fly.
Magical Staves
 J - a cursed staff of wizardry {unknown}
Jewellery
 k - a +3 ring of slaying (right hand)
 v - a ring of protection from magic (left hand)
Wands
 a - a wand of lightning (4/15)
 y - a wand of confusion (48/48)
 A - a wand of acid (1/15)
Scrolls
 h - a scroll of blinking
 m - a scroll of amnesia
 o - 2 scrolls of magic mapping
 p - 3 scrolls of remove curse
 x - a scroll of enchant weapon
 C - a scroll of enchant armour {unknown}
 G - a scroll of teleportation {unknown}
Potions
 i - a potion of degeneration {unknown}
 j - 6 potions of curing
 l - a potion of haste
 w - a potion of heal wounds
 B - a potion of agility {unknown}
 D - a potion of cancellation {unknown}
 E - a potion of lignification {unknown}
 H - a potion of invisibility {unknown}
 I - a potion of magic {unknown}
 K - a potion of mutation {unknown}
Books
 e - a book of Geomancy

   Spells                             Type                      Level
   a - Sandblast                      Earth                        1
   b - Passwall                       Transmutation/Earth          2
   c - Stone Arrow                    Conjuration/Earth            3
   d - Petrify                        Transmutation/Earth          4
   e - Lee's Rapid Deconstruction     Earth                        5
 g - a book of Cantrips

   Spells                             Type                      Level
   a - Confusing Touch                Hexes                        1
   b - Animate Skeleton               Necromancy                   1
   c - Summon Small Mammal            Summoning                    1
   d - Apportation                    Translocation                1
 u - a book of Air

   Spells                             Type                      Level
   a - Shock                          Conjuration/Air              1
   b - Swiftness                      Charms/Air                   2
   c - Static Discharge               Conjuration/Air              3
   d - Airstrike                      Air                          4
   e - Lightning Bolt                 Conjuration/Air              5
Comestibles
 d - 6 bread rations
 f - 4 royal jellies
 n - 5 meat rations
 s - 3 chunks of flesh
 t - 4 fruits


   Skills:
 + Level 3.1 Fighting
 + Level 3.1 Maces & Flails
 + Level 3.0 Armour
 + Level 3.0 Dodging
 - Level 2.1 Stealth
 + Level 5.4 Spellcasting
 + Level 5.7 Conjurations
   Level 0.7 Transmutations
 + Level 7.6 Earth Magic
 + Level 2.8 Evocations


You had 9 spell levels left.
You knew the following spells:

 Your Spells              Type           Power        Failure   Level  Hunger
a - Sandblast             Erth           ####..       1%          1    None
b - Stone Arrow           Conj/Erth      ####..       2%          3    ##.....
c - Lee's Rapid Deconstr  Erth           ####......   14%         5    #####..


Dungeon Overview and Level Annotations

Branches:
Dungeon (8/15)
 Temple: D:4-7         Lair: D:8-11

Altars:
Dithmenos
Nemelex Xobeh

Shops:
D:6 *


Innate Abilities, Weirdness & Mutations

You are resistant to torment.
Your stone body is resilient. (AC +5)
You are immune to poison.
You resist negative energy. (rN+)
You are resistant to electric shocks. (rElec)
You can survive without breathing.
You are immune to petrification.
You are immune to rotting.


Message History

The two-headed ogre barely misses you.
Casting: Sandblast
Confirm with . or Enter, or press ? or * to list all spells.
Aiming: Sandblast
Press: ? - help, Shift-Dir - straight line, f/p - two-headed ogre
Aim: a two-headed ogre, wielding two giant clubs (heavily wounded)
The blast of sand misses the two-headed ogre.
b - 80 stones The two-headed ogre hits you with a giant club!
The two-headed ogre barely misses you.
Casting: Sandblast
Confirm with . or Enter, or press ? or * to list all spells.
Aiming: Sandblast
Press: ? - help, Shift-Dir - straight line, f/p - two-headed ogre
Aim: a two-headed ogre, wielding two giant clubs (heavily wounded)
The blast of sand hits the two-headed ogre.
The two-headed ogre is almost dead.
b - 79 stones The two-headed ogre hits you with a giant club!
You die...

#####
####...#######
#.............
#.##...##########.
#.##.......#......
#@##.#####)....###
#O##.##. #...#.#
...#.##.##...#.#
#...#.##).....# .
#...#.##.....#####
##.##.##.........#
#....##....)....#
###########..#####
###...#.......


You could see a two-headed ogre.

Vanquished Creatures
  A two-headed ogre (D:8)
  Prince Ribbit (D:6)
  An ice beast (D:6)
  A sky beast (D:7)
  A black bear (D:7)
  3 ogres
  A centaur (D:6)
  Blork the orc (D:6)
  A scorpion (D:7)
  3 howler monkeys (D:7)
  A crimson imp (D:7)
  2 hounds
  2 jellies
  4 orc wizards (D:7)
  Crazy Yiuf (D:2)
  A worker ant (D:6)
  A hound skeleton (D:6)
  4 gnolls (D:2)
  6 adders
  A river rat (D:6)
  An adder zombie (D:6)
  2 worms (D:6)
  3 dart slugs (D:1)
  2 leopard geckos
  3 orcs (D:7)
  6 bats
  5 giant cockroaches
  4 goblins
  4 hobgoblins
  10 jackals
  6 kobolds
  A quokka (D:6)
  A leopard gecko skeleton (D:6)
  6 rats
91 creatures vanquished.

Notes
Turn   | Place    | Note
-------+----------+-------------------------------------------
     0 | D:1      | tehllama the Gargoyle Earth Elementalist began the quest for the Orb.
     0 | D:1      | Reached XP level 1. HP: 10/10 MP: 3/3
   193 | D:1      | Reached skill level 4 in Earth Magic
   193 | D:1      | Reached XP level 2. HP: 4/15 MP: 1/5
   984 | D:1      | Reached XP level 3. HP: 11/19 MP: 6/6
   989 | D:1      | Learned a level 3 spell: Stone Arrow
  1342 | D:1      | You fall through a shaft!
  1516 | D:2      | Found a shadowy altar of Dithmenos.
  1539 | D:2      | Reached skill level 1 in Conjurations
  2129 | D:2      | Found a runed door.
  2133 | D:2      | Noticed Crazy Yiuf
  2135 | D:2      | Killed Crazy Yiuf
  2135 | D:2      | Reached XP level 4. HP: 24/24 MP: 5/8
  2320 | D:2      | Reached skill level 5 in Earth Magic
  2325 | D:2      | Reached XP level 5. HP: 23/28 MP: 1/9
  2407 | D:2      | Learned a level 5 spell: Lee's Rapid Deconstruction
  2544 | D:3      | You fall through a shaft for 3 floors!
  2581 | D:6      | Noticed Prince Ribbit
  2618 | D:6      | Killed Prince Ribbit
  2618 | D:6      | Reached XP level 6. HP: 32/32 MP: 5/11
  2765 | D:6      | Noticed an ice beast
  2774 | D:6      | Killed an ice beast
  2774 | D:6      | Reached skill level 6 in Earth Magic
  2774 | D:6      | Reached XP level 7. HP: 13/36 MP: 6/13
  2777 | D:6      | HP: 1/36 [hound (5)]
  3223 | D:6      | Found Lick's General Store.
  3502 | D:6      | Noticed Blork the orc
  3507 | D:6      | Killed Blork the orc
  3800 | D:7      | Reached skill level 1 in Maces & Flails
  3802 | D:7      | Reached skill level 1 in Fighting
  3802 | D:7      | Reached skill level 1 in Evocations
  3805 | D:7      | Reached skill level 1 in Armour
  3805 | D:7      | Reached XP level 8. HP: 43/43 MP: 1/15
  3985 | D:7      | Reached skill level 7 in Earth Magic
  4388 | D:7      | Reached skill level 5 in Conjurations
  4416 | D:7      | Got a twisted leather armour
  4454 | D:7      | Identified the +1 leather armour of Rilir {+Fly rF- MP+9 SInv} (You took it off an orc on level 7 of the Dungeon)
  4521 | D:7      | Found a sparkling altar of Nemelex Xobeh.
  4566 | D:7      | Reached skill level 5 in Spellcasting
  5099 | D:8      | Noticed a two-headed ogre
  5111 | D:8      | Killed a two-headed ogre
  5111 | D:8      | Reached XP level 9. HP: 25/50 MP: 9/17
  5276 | D:8      | Noticed a two-headed ogre
  5283 | D:8      | Slain by a two-headed ogre

Vault maps used:
D:1:      eino_arrival_druids_welcome
D:2:      nicolae_overflow_crystal_walls, uniq_crazy_yiuf_cottage
D:3:      first_bread, uniq_sigmund
D:6:      serial_shops, kennysheep_little_box, gup_sewer_entry_bubbles,
          uniq_blork_the_orc, uniq_prince_ribbit1
D:7:      nemelex_xobeh_ov_fountains_minmay
D:8:      lemuel_crystal_altar, kennysheep_mini, basic_altar

Skill      XL: |  1  2  3  4  5  6  7  8 |
---------------+-------------------------+-----
Earth Magic    | 4 5 6 7 |  7.6
Conjurations   | 1 2 3 4 5 |  5.7
Spellcasting   | 3 4 5 |  5.4
Maces & Flails | 1 3 |  3.1
Fighting       | 1 3 |  3.1
Evocations     | 1 2 |  2.8
Armour         | 1 3 |  3.0
Dodging        | 3 |  3.0
Stealth        | |  2.1
Transmutations | |  0.7

Action                   |  1- 3 |  4- 6 |  7- 9 || total
-------------------------+-------+-------+-------++-------
Melee: Short sword       |    69 |       |       ||    69
       Unarmed           |     9 |       |       ||     9
       Club              |    31 |       |       ||    31
       Mace              |       |    27 |     4 ||    31
       Dire flail        |       |       |    48 ||    48
 Cast: Sandblast         |    30 |    27 |    69 ||   126
       Stone Arrow       |       |       |     6 ||     6
       Lee's Rapid Decon |       |       |     1 ||     1
  Use: Scroll            |     6 |       |     5 ||    11
 Stab: Sleeping          |       |       |     1 ||     1
  Eat: Chunk             |     4 |     2 |     4 ||    10
       Meat ration       |       |       |     1 ||     1
Armor: Robe              |    53 |    25 |    38 ||   116
Dodge: Dodged            |   135 |    27 |    65 ||   227
